 Dungeon Crawl Stone Soup version 0.23.2-40-g277498a (webtiles) character file.

Game seed: 4170046551226723754

77 Fang the Skirmisher (level 4, -3/43 HPs)
             Began as a Gargoyle Berserker on Oct 21, 2019.
             Was a Believer of Trog.
             Killed by divine providence
             ... invoked by an orc priest
              (12 damage)
             ... on level 2 of the Dungeon on Oct 22, 2019.
             The game lasted 00:02:09 (1388 turns).

Fang the Skirmisher (Gargoyle Berserker)            Turns: 1388, Time: 00:02:10

Health: -3/43      AC:  5    Str: 26    XL:     4   Next: 33%
Magic:  4/4        EV: 12    Int:  8    God:    Trog [**....]
Gold:   44         SH:  0    Dex:  9    Spells: 3/3 levels left

rFire    . . .     SeeInvis .   a - +0 hand axe
rCold    . . .     Gourm    .   (no shield)
rNeg     + . .     Faith    .   b - +0 animal skin
rPois    ∞         Spirit   .   (no helmet)
rElec    +         Reflect  .   (no cloak)
rCorr    .         Harm     .   (no gloves)
MR       .....                  (no boots)
Stlth    ..........             (no amulet)
HPRegen  0.14/turn              (no ring)
MPRegen  0.09/turn              (no ring)

@: berserking (expiring), very quick
A: negative energy resistance 1, electricity resistance, unbreathing,
petrification resistance, rot immunity, AC +3
a: Berserk, Trog's Hand, Renounce Religion


You were on level 2 of the Dungeon.
You worshipped Trog.
Trog was pleased with you.
You were hungry.

You visited 1 branch of the dungeon, and saw 2 of its levels.

You collected 44 gold pieces.

Inventory:

Hand Weapons
 a - a +0 hand axe (weapon)
Armour
 b - a +0 animal skin (worn)
Scrolls
 d - a scroll of remove curse {unknown}
 g - a scroll of magic mapping {unknown}
 i - 3 scrolls of identify {unknown}
 j - a scroll of teleportation {unknown}
Potions
 e - a potion of magic {unknown}
 h - a potion of curing {unknown}
Comestibles
 c - 3 rations
 f - a chunk of flesh


   Skills:
 + Level 3.9 Fighting
 + Level 3.2 Axes
 + Level 3.0 Armour
 + Level 2.2 Dodging


You had 3 spell levels left.
You didn't know any spells.
Your spell library was empty.

Dungeon Overview and Level Annotations

Branches:
Dungeon (2/15)

Altars:


Innate Abilities, Weirdness & Mutations

You are resistant to torment.
Your stone body is resilient. (AC +3)
You are immune to poison.
You resist negative energy. (rN+)
You are resistant to electric shocks. (rElec)
You can survive without breathing.
You are immune to petrification.
You are immune to rotting.


Message History

The orc barely misses you.
You barely miss the orc.
The orc is heavily wounded.
The orc priest looks satisfied for a moment.
You slash the orc!
You kill the orc!
Trog accepts your kill.
An adder comes into view.
The adder hisses angrily.
A frilled lizard comes into view.
The orc priest hits you with a +0 trident.
* * * LOW HITPOINT WARNING * * *
Items here: )) †† a +0 flail; a +0 club; an orc corpse x2
You closely miss the orc priest. You slash the orc priest!
The orc priest is severely wounded.
The orc priest calls down the wrath of Beogh upon you.
Beogh smites you!
You die...

...............#
#............#
....##....######
#######..#.#.# #
#.##..## ......#...#
#.##.##...###
....#####).
#...........######
..#.. ....
#.##.##................
.## # #........### ..
#####.##.####.#
#>##...@o.# #.######..#
#.# ..# #.# .## #.# l#
# ### #.. ..
...########.. ### .#
#...........# ..
.........####
########.#


You could see an orc priest and a frilled lizard.

Vanquished Creatures
  3 adders (D:2)
  2 oozes (D:2)
  A worm (D:2)
  2 dart slugs
  A leopard gecko (D:1)
  2 orcs (D:2)
  A bat (D:1)
  2 giant cockroaches
  7 goblins
  A hobgoblin (D:2)
  2 jackals (D:1)
  A ball python (D:2)
  2 frilled lizards
  4 kobolds (D:2)
  3 rats
34 creatures vanquished.

Notes
Turn   | Place    | Note
-------+----------+-------------------------------------------
     0 | D:1      | Fang the Gargoyle Berserker began the quest for the Orb.
     0 | D:1      | Reached XP level 1. HP: 14/14 MP: 1/1
   370 | D:1      | Reached XP level 2. HP: 19/19 MP: 2/2
   958 | D:2      | Reached XP level 3. HP: 22/24 MP: 3/3
   977 | D:2      | Reached ** piety under Trog
  1337 | D:2      | Reached XP level 4. HP: 26/29 MP: 4/4
  1388 | D:2      | Killed from afar by an orc priest

Skill      XL: |  1  2  3  4 |
---------------+-------------+-----
Axes           | 3 |  3.2
Dodging        | 2 |  2.2
Armour         | 3 |  3.0
Fighting       | |  3.9

Action                   |  1- 3 |  4- 6 || total
-------------------------+-------+-------++-------
Melee: Hand axe          |    95 |    22 ||   117
Invok: Berserk           |     1 |     1 ||     2
 Stab: Sleeping          |     1 |       ||     1
  Eat: Chunk             |     2 |     1 ||     3
Armor: Animal skin       |    32 |     2 ||    34
Dodge: Dodged            |    57 |    13 ||    70
